Cogmind - Beta 10.1 @@@ ROGUE MODE // 2020.10.24 @ 14:28:43 Player: aperiodic Result: Self-destructed Performance ------------- Evolutions (4) 2000 Regions Visited (9) 1800 Robots Destroyed (133) 665 Value Destroyed (4022) 4022 Prototype IDs (49) 980 Alien Tech Used (0) 0 Bonus (469) 469 TOTAL SCORE: 9936 Bonus ------- High Alert Combat Kills 230 Aligned with FarCom 300 Friendly Fire -61 Cogmind --------- Core Integrity 850/850 Matter 468/500 Energy 310/310 System Corruption 0% Temperature Cool (0) Movement Treading (165) Ox1 Location -6/Factory Parts ------- > --- POWER (1) -------- Heavy Deuterium Engine > --- PROPULSION (2) --- Biometal Medium Treads Biometal Medium Treads > --- UTILITY (10) ----- High-capacity Storage Unit High-capacity Storage Unit High-capacity Storage Unit High-capacity Matter Pod Improved Sensor Array Hacking Suite Hacking Suite > --- WEAPON (2) ------- Advanced EMP Blaster Heavy Flail > --- INVENTORY (28) --- Light Angular Momentum Engine Aluminum Leg Improved Flight Unit Improved Flight Unit Improved Flight Unit Medium Storage Unit Gravity Neutralizing Apparatus Advanced Targeting Computer Experimental Targeting Computer Nanoactuators Improved Light Armor Plating Improved Light Armor Plating Hacking Suite System Shield Autogun Gauss Rifle Gauss Rifle Rocket Array Improved Datajack Plasma Cutter Great Axe Peak State ------------ > --- POWER ------------ Heavy Ion Engine > --- PROPULSION ------- Armored Huge Wheel > --- UTILITY ---------- High-capacity Storage Unit High-capacity Storage Unit High-capacity Storage Unit Improved Weapon Shielding Reactive Plating Hacking Suite Hacking Suite Hacking Suite > --- WEAPON ----------- 8R-AWN's Boregun 8R-AWN's Boregun > --- INVENTORY -------- Light Angular Momentum Engine Improved Flight Unit Improved Flight Unit Improved Flight Unit Medium Storage Unit Superbattery High-capacity Matter Pod Gravity Neutralizing Apparatus Improved Sensor Array Advanced Targeting Computer Experimental Targeting Computer Advanced Weapon Cycler Improved Light Armor Plating Improved Light Armor Plating Hacking Suite System Shield Chronowheel Gauss Rifle Gauss Rifle AWS/Gauss Advanced EMP Blaster Advanced EMP Blaster Rocket Array Improved Datajack Plasma Cutter Heavy Flail Great Axe [Rating: 61] Favorites ----------- Power Improved Ion Engine Engine Improved Ion Engine Power Core Light Nuclear Core Propulsion Wheel Treads Light Treads Leg Carbon-fiber Leg Wheel Wheel Utility High-capacity Storage Unit Device Improved Sensor Array Storage High-capacity Storage Unit Processor Improved Targeting Computer Hackware Hacking Suite Protection Hardened Light Armor Plating Weapon 8R-AWN's Boregun Energy Gun Small Laser Energy Cannon Cooled Particle Cannon Ballistic Gun 8R-AWN's Boregun Ballistic Cannon Improved Light Cannon Launcher Advanced EMP Blaster Impact Weapon Heavy Flail Slashing Weapon Great Axe Build | -11 -10 -10 -10 -9 -8 -7 -7 -7 -6 ------- Run | Scr Mat Min Exi Min Mat Fac Low Low Fac Slots Evolved 8 | . . . . . 4 2 . . 2 Power . | . . . . . . . . . . Propulsion . | . . . . . . . . . . Utility 8 | . . . . . 4 2 . . 2 Weapon . | . . . . . . . . . . Parts Attached 126 | 5 25 15 14 . 19 35 7 6 . Power 6 | 1 . 2 . . . 3 . . . Engine 5 | 1 . 2 . . . 2 . . . Core 1 | . . . . . . 1 . . . Reactor . | . . . . . . . . . . Propulsion 36 | 1 13 8 2 . 4 2 1 5 . Treads 12 | . 6 4 . . . . . 2 . Leg 3 | . . . . . . . . 3 . Wheel 21 | 1 7 4 2 . 4 2 1 . . Hover . | . . . . . . . . . . Flight . | . . . . . . . . . . Utility 26 | 1 3 . 8 . 6 6 2 . . Device 6 | . 1 . 2 . 1 1 1 . . Storage 9 | 1 2 . 4 . 1 . 1 . . Processor 2 | . . . . . 1 1 . . . Hackware 3 | . . . . . 1 2 . . . Protection 6 | . . . 2 . 2 2 . . . Artifact . | . . . . . . . . . . Weapon 58 | 2 9 5 4 . 9 24 4 1 . Energy Gun 6 | 1 3 2 . . . . . . . Energy Cannon 1 | . . . . . . 1 . . . Ballistic Gun 29 | 1 2 . 3 . 6 15 2 . . Ballistic Cannon 8 | . 4 3 1 . . . . . . Launcher 5 | . . . . . . 3 2 . . Special Weapon . | . . . . . . . . . . Impact Weapon 5 | . . . . . 2 2 . 1 . Slashing Weapon 4 | . . . . . 1 3 . . . Piercing Weapon . | . . . . . . . . . . Special Melee Weapon . | . . . . . . . . . . Unidentified Prototypes 7 | . . . 2 . 1 4 . . . Parts Lost 14 | . 2 2 1 . . 4 4 1 . Power . | . . . . . . . . . . Propulsion 6 | . . 2 1 . . 1 1 1 . Utility 3 | . . . . . . 2 1 . . Weapon 5 | . 2 . . . . 1 2 . . Highest Loss Streak 1 | . 1 1 1 . . 1 1 1 . Average Slot Usage (%) 94 | . 93 97 93 85 99 93 89 89 . Engine 9 | . 14 14 14 14 9 6 7 7 . Treads 2 | . 20 2 . . . . . 1 . Wheel 13 | . 7 22 27 28 18 9 6 1 . Device 3 | . 2 . . . 7 . 6 7 . Storage 23 | . 22 28 13 28 27 23 29 30 . Hackware 10 | . . . . . 8 21 21 15 . Protection 7 | . . . 13 . 10 14 . . . Energy Gun 2 | . 9 10 6 . . . . . . Ballistic Gun 11 | . 13 3 7 14 16 14 12 6 . Ballistic Cannon 2 | . 1 14 9 . . . . . . Naked Turns . | . . . . . . . . . . Heaviest Build 129 | 12 41 46 81 81 122 129 122 122 . Greatest Support 70 | 10 40 40 26 26 26 28 28 70 . Greatest Overweight (x) 12 | 1 1 2 3 3 6 12 7 7 . Average Overweight (x) 3 | . . 1 1 3 4 5 4 4 . Largest Inventory Capacity 28 | 6 16 16 20 20 28 28 28 28 . Average Capacity 22 | 5 12 16 11 20 27 28 28 28 . Most Carried 28 | 5 16 16 20 20 28 28 28 27 . Average Carried 20 | 2 9 15 9 20 26 27 24 23 . Final Capacity 28 | 6 16 16 20 20 28 28 28 28 28 Final Carried 28 | 5 16 16 20 20 28 28 24 21 21 Class Distribution -------------------- 34% | Hacker-Mutant 32% | Mutant 18% | Hauler-Mutant 15% | Scavenger-Mutant Dominant Class ---------------- Mutant | -10/Materials Mutant | -10/Mines Mutant | -10/Exiles Hauler-Mutant | -9/Mines Scavenger-Mutant | -8/Materials Hacker-Mutant | -7/Factory Hacker-Mutant | -7/Lower Caves Hauler-Mutant | -7/Lower Caves Hauler-Mutant | -6/Factory Resources | -11 -10 -10 -10 -9 -8 -7 -7 -7 -6 ----------- Run | Scr Mat Min Exi Min Mat Fac Low Low Fac Matter Collected 4425 | 202 541 330 184 . 936 1758 272 202 . Remotely . | . . . . . . . . . . Salvage Created 6196 | . 570 199 132 82 1370 2515 785 543 . Parts 310 | . 41 12 6 6 97 96 28 24 . Haulers Intercepted 10 | . 2 . . . 3 5 . . . Recyclers Shooed 6 | . 1 1 . . . 4 . . . Parts Field Recycled . | . . . . . . . . . . Retrieved Matter . | . . . . . . . . . . Parts Self-Destructed 10 | . . . . . . . 7 3 . Prevented 20 | . . . . . . . 8 12 . Kills | -11 -10 -10 -10 -9 -8 -7 -7 -7 -6 ------- Run | Scr Mat Min Exi Min Mat Fac Low Low Fac Combat Hostiles Destroyed 94 | . 12 6 3 2 16 27 16 12 . Guns 55 | . 10 1 3 2 16 21 2 . . Cannons 7 | . 2 5 . . . . . . . AOE 30 | . . . . . . 6 14 10 . Classes Destroyed 14 | . 6 1 1 . 4 1 1 . . Worker 7 | . . 3 . . 2 2 . . . Builder 4 | . . . . . 3 1 . . . Hauler 10 | . 2 . . . 3 5 . . . Recycler 7 | . 1 . . . 1 5 . . . Operator 3 | . 2 . . . . 1 . . . Watcher 8 | . 2 . . . 4 2 . . . Swarmer 27 | . 6 2 . . 3 8 4 4 . Grunt 42 | . 6 4 . 2 4 10 8 8 . Brawler 1 | . . . . . . . 1 . . Duelist 3 | . . . . . 1 1 1 . . Sentry 11 | . . . . . 7 3 1 . . Hunter 5 | . . . . . 1 3 1 . . Programmer 2 | . . . . . . 2 . . . Assembled 2 | . . . 2 . . . . . . Best Kill Streak 12 | . 7 4 2 2 12 8 4 4 . Combat Bots Only 6 | . 6 2 2 2 4 5 4 4 . Max Kills in Single Turn 4 | . 1 1 1 1 2 3 2 4 . Gunslinging 1 | . . . . . . 1 . . . Exploded 4 | . . . . . . 3 2 4 . Melee . | . . . . . . . . . . Uniques/NPCs Destroyed 1 | . . . 1 . . . . . . 8R-AWN (-10/Exiles) Combat | -11 -10 -10 -10 -9 -8 -7 -7 -7 -6 -------- Run | Scr Mat Min Exi Min Mat Fac Low Low Fac Damage Taken 4097 | . 538 245 444 . 433 1433 473 531 . Core 803 | . 112 15 111 . 32 255 155 123 . Absorbed by Shields . | . . . . . . . . . . Core Remaining (%) 55 | 100 . . . 4 94 . . 23 . Volleys Fired 332 | . 83 22 1 . 63 121 19 23 . Largest 2 | . 2 2 1 . 2 2 2 2 . Hottest 79 | . 70 79 39 . 60 64 64 64 . Shots Fired 652 | . 134 44 37 5 122 234 37 39 . Gun 569 | . 124 13 36 5 122 230 23 16 . Cannon 42 | . 10 31 1 . . . . . . Launcher 41 | . . . . . . 4 14 23 . Special . | . . . . . . . . . . Kinetic 553 | . 89 31 37 5 122 230 23 16 . Thermal 58 | . 45 13 . . . . . . . Explosive . | . . . . . . . . . . Electromagnetic 41 | . . . . . . 4 14 23 . Robot Hit Streak 35 | . 8 14 23 18 35 12 7 8 . Robot Miss Streak 8 | . 3 2 1 . 8 6 4 7 . Penetration Max 2 | . . . . . 1 2 1 . . Secondary Targets 4 | . 3 . . . . 1 . . . Max Gunslinging Chain 1 | . 1 . . . . 1 . . . Autonomous 41 | . . . 36 5 . . . . . Shots Hit Robots 372 | . 83 25 35 5 54 129 25 16 . Core Hits 195 | . 35 13 9 3 33 57 27 18 . Critical Hits 108 | . . 1 . . 42 63 1 1 . Critical Kills 46 | . . . . . 18 28 . . . Critical Parts Destroyed 58 | . . 1 . . 22 33 1 1 . Melee Attacks 18 | . . . . . 8 9 . 1 . Impact 9 | . . . . . 4 4 . 1 . Slashing 9 | . . . . . 4 5 . . . Piercing . | . . . . . . . . . . Sneak Attacks . | . . . . . . . . . . Combat Hostiles . | . . . . . . . . . . Follow-up Attacks . | . . . . . . . . . . Damage Inflicted 9352 | . 818 502 990 170 1317 2904 1409 1242 . Guns 6452 | . 735 76 990 170 1317 2640 354 170 . Cannons 509 | . 83 426 . . . . . . . Explosions 2391 | . . . . . . 264 1055 1072 . Melee . | . . . . . . . . . . Ramming . | . . . . . . . . . . Kinetic 6546 | . 479 426 990 170 1317 2640 354 170 . Thermal 851 | . 339 76 . . . 81 244 111 . Explosive . | . . . . . . . . . . Electromagnetic 1955 | . . . . . . 183 811 961 . Impact . | . . . . . . . . . . Slashing . | . . . . . . . . . . Piercing . | . . . . . . . . . . Highest Corruption 2 | . 2 2 2 2 . . 1 2 . Average Corruption 1 | . 1 2 2 2 . . 1 1 . Corruption Purged . | . . . . . . . . . . Effects 25 | . 4 5 9 . . . . 7 . Message Errors 12 | . 3 1 5 . . . . 3 . Heat Flow Errors 3 | . . 1 . . . . . 2 . Energy Discharges 4 | . . . 3 . . . . 1 . Data Loss (minor) 4 | . . 2 1 . . . . 1 . Targeting Errors 2 | . 1 1 . . . . . . . Overload Shots . | . . . . . . . . . . Overflow Damage 72 | . . . . . . 16 . 56 . Projectiles . | . . . . . . . . . . Explosions 72 | . . . . . . 16 . 56 . Melee . | . . . . . . . . . . Knockbacks 5 | . . 5 . . . . . . . Impact . | . . . . . . . . . . Kinetic 5 | . . 5 . . . . . . . Secondary . | . . . . . . . . . . Self-Inflicted Damage 406 | . . . . . . 66 43 297 . Shots 17 | . . . . . . 3 2 12 . Rammed . | . . . . . . . . . . Targets Rammed . | . . . . . . . . . . Kicked . | . . . . . . . . . . Crushed . | . . . . . . . . . . Highest Temperature 276 | . 124 120 20 . 18 24 21 276 . Average Temperature 34 | . 31 38 10 . 15 7 13 107 . Received Heat Transfer 789 | . 120 48 . . 99 339 102 81 . Siege Activations . | . . . . . . . . . . Robots Corrupted 2 | . . . . . . . . 2 . Combat Hostiles 2 | . . . . . . . . 2 . Parts Fried 9 | . . . . . . 1 5 3 . Impact Corruptions . | . . . . . . . . . . Robots Melted . | . . . . . . . . . . Combat Hostiles . | . . . . . . . . . . Parts Melted 1 | . 1 . . . . . . . . Heat Transferred 1588 | . 963 175 . . . 50 300 100 . Parts Sabotaged . | . . . . . . . . . . Parts Stolen 5 | . . . . . . . . 5 . Parts Stripped . | . . . . . . . . . . Power Chain Reactions 14 | . . . . . . 2 5 7 . Missiles Intercepted . | . . . . . . . . . . Alert | -11 -10 -10 -10 -9 -8 -7 -7 -7 -6 ------- Run | Scr Mat Min Exi Min Mat Fac Low Low Fac Peak Influence 537 | . 303 184 . 50 409 537 . . . Initial 257 | . . 39 . . 19 26 . . 257 Average 121 | . 142 61 . 40 144 116 . . . Maximum Alert Level 2 | . 1 . . . 2 2 . . . Low Security (%) 80 | 100 79 100 . 100 70 82 . . . Level 1 17 | . 20 . . . 29 13 . . . Level 2 1 | . . . . . . 3 . . . Level 3 . | . . . . . . . . . . Level 4 . | . . . . . . . . . . Level 5 . | . . . . . . . . . . High Security . | . . . . . . . . . . Max Security . | . . . . . . . . . . Squads Dispatched 15 | . 3 . . . 1 11 . . . Investigation 3 | . . . . . 1 2 . . . Extermination 2 | . . . . . . 2 . . . Reinforcement 9 | . 3 . . . . 6 . . . Assault . | . . . . . . . . . . Garrison 1 | . . . . . . 1 . . . Intercept . | . . . . . . . . . . Construction Impeded 1 | . . . . . . 1 . . . Haulers Reinforced 3 | . . . . . . 3 . . . Stealth | -11 -10 -10 -10 -9 -8 -7 -7 -7 -6 --------- Run | Scr Mat Min Exi Min Mat Fac Low Low Fac Distress Signals 4 | . 1 . . . 3 . . . . Communications Jammed . | . . . . . . . . . . Distress Signals . | . . . . . . . . . . Times Spotted 149 | . 34 13 5 2 22 40 16 17 . Peak Tracking Total 9 | . 7 3 9 2 4 5 4 4 . Tactical Retreats 11 | . 2 5 . . 2 1 1 . . Traps | -11 -10 -10 -10 -9 -8 -7 -7 -7 -6 ------- Run | Scr Mat Min Exi Min Mat Fac Low Low Fac Traps Triggered 4 | . 2 . . . . . 2 . . Indirectly 2 | . . . . . . . 2 . . Trap Hack Attempts . | . . . . . . . . . . Triggered . | . . . . . . . . . . Disarmed . | . . . . . . . . . . Reprogrammed . | . . . . . . . . . . Reused . | . . . . . . . . . . Traps Extracted . | . . . . . . . . . . Installed . | . . . . . . . . . . Triggered . | . . . . . . . . . . Exploded 3 | . . . 3 . . . . . . Machines | -11 -10 -10 -10 -9 -8 -7 -7 -7 -6 ---------- Run | Scr Mat Min Exi Min Mat Fac Low Low Fac Machines Disabled 20 | . . . 2 . 2 15 . 1 . Max in Single Turn 5 | . . . 1 . 1 5 . 1 . Garrison Access 3 | . . . . . 1 2 . . . Machines Sabotaged . | . . . . . . . . . . Garrisons Compromised . | . . . . . . . . . . Overloaded Fab Kills . | . . . . . . . . . . Fab Network Shutdowns . | . . . . . . . . . . Hacking | -11 -10 -10 -10 -9 -8 -7 -7 -7 -6 --------- Run | Scr Mat Min Exi Min Mat Fac Low Low Fac Machines Accessed 32 | . 3 1 2 . 12 13 . 1 . Terminals 21 | . 3 . . . 10 8 . . . Fabricators . | . . . . . . . . . . Repair Stations 1 | . . . . . . 1 . . . Recycling Units 1 | . . . . . 1 . . . . Scanalyzers 2 | . . . . . . 2 . . . Garrison Access 3 | . . . . . 1 2 . . . Total Hacks 101 | . 11 1 8 . 42 38 . 1 . Successful 79 | . 7 1 8 . 36 26 . 1 . Failed 21 | . 4 . . . 5 12 . . . Catastrophic 2 | . 1 . . . . 1 . . . Database Lockouts 1 | . . . . . 1 . . . . Manual 47 | . 6 . 1 . 23 17 . . . Terminals 76 | . 11 . . . 38 27 . . . Fabricators . | . . . . . . . . . . Repair Stations 2 | . . . . . . 2 . . . Recycling Units 2 | . . . . . 2 . . . . Scanalyzers 5 | . . . . . . 5 . . . Garrison Access 6 | . . . . . 2 4 . . . Terminal Hacks 49 | . 6 1 8 . 21 12 . 1 . Record 7 | . . . 7 . . . . . . Robot Schematic 1 | . . . . . . 1 . . . Prototype ID Bank 11 | . 3 . . . 6 2 . . . Open Door 2 | . . 1 . . . . . 1 . Branch Access Points 2 | . . . . . 1 1 . . . Machine Index 1 | . . . . . . 1 . . . Terminal Index 2 | . . . . . 1 1 . . . Alert Level 2 | . . . . . 2 . . . . Unreport Threat 3 | . . . . . 2 1 . . . Locate Traps 4 | . . . . . 2 2 . . . Dispatch Records 1 | . . . . . 1 . . . . Security Status 1 | . . . . . 1 . . . . Reinforcement Status 1 | . 1 . . . . . . . . Recall Investigation 2 | . . . . . 1 1 . . . Recall Reinforcements 3 | . 1 . . . . 2 . . . Hauler Manifests 3 | . 1 . . . 2 . . . . Registered Components 1 | . . . . . 1 . . . . Zone Layout 1 | . . . . . 1 . . . . EX-Prototype ID Bank 1 | . . . 1 . . . . . . Fabricator Hacks . | . . . . . . . . . . Repair Station Hacks 2 | . . . . . . 2 . . . Scan Component 1 | . . . . . . 1 . . . Repair 1 | . . . . . . 1 . . . Recycling Unit Hacks . | . . . . . . . . . . Scanalyzer 3 | . . . . . . 3 . . . Insert Component 2 | . . . . . . 2 . . . Analyze 1 | . . . . . . 1 . . . Garrison Access Hacks 3 | . . . . . 1 2 . . . Seal Access 3 | . . . . . 1 2 . . . Unauthorized Hacks 22 | . 1 . . . 14 7 . . . Terminals 21 | . 1 . . . 13 7 . . . Track 4 | . . . . . 2 2 . . . Assimilate 6 | . . . . . 6 . . . . Botnet 8 | . 1 . . . 4 3 . . . Operators 3 | . . . . . 1 2 . . . Fabricators . | . . . . . . . . . . Repair Stations . | . . . . . . . . . . Recycling Units 1 | . . . . . 1 . . . . Tunnel 1 | . . . . . 1 . . . . Scanalyzers . | . . . . . . . . . . Garrison Access . | . . . . . . . . . . Data Cores Recovered . | . . . . . . . . . . Used . | . . . . . . . . . . Hacking Detections 24 | . 3 . . . 10 11 . . . Full Trace Events 2 | . . . . . . 2 . . . Feedback Events . | . . . . . . . . . . Feedback Blocked . | . . . . . . . . . . Robot Schematics Acquired 1 | . . . . . . 1 . . . Robots Built . | . . . . . . . . . . Matter . | . . . . . . . . . . Time . | . . . . . . . . . . Total Robot Build Rating . | . . . . . . . . . . Part Schematics Acquired . | . . . . . . . . . . Parts Built . | . . . . . . . . . . Matter . | . . . . . . . . . . Time . | . . . . . . . . . . Total Part Build Rating . | . . . . . . . . . . Parts Repaired 1 | . . . . . . 1 . . . Time 12 | . . . . . . 12 . . . Parts Recycled . | . . . . . . . . . . Recycled Matter . | . . . . . . . . . . Retrieved Matter . | . . . . . . . . . . Retrieved Components . | . . . . . . . . . . Parts Scanalyzed 1 | . . . . . . 1 . . . Part Schematics Acquired . | . . . . . . . . . . Parts Damaged . | . . . . . . . . . . Bothacking | -11 -10 -10 -10 -9 -8 -7 -7 -7 -6 ------------ Run | Scr Mat Min Exi Min Mat Fac Low Low Fac Used RIF Installer . | . . . . . . . . . . Robots Hacked . | . . . . . . . . . . Non-combat . | . . . . . . . . . . Combat . | . . . . . . . . . . Robot Hacks Applied . | . . . . . . . . . . Relay Couplers Released . | . . . . . . . . . . Robots Rewired . | . . . . . . . . . . Allies Hacked . | . . . . . . . . . . Hacks Repelled . | . . . . . . . . . . Allies | -11 -10 -10 -10 -9 -8 -7 -7 -7 -6 -------- Run | Scr Mat Min Exi Min Mat Fac Low Low Fac Total Allies 4 | . . . . . 3 . . 1 . Largest Group 3 | . . . . . 3 3 . 1 . Highest-Rated Group 113 | . . . . . 62 62 . 113 . Highest-Rated Ally 113 | . . . . . 26 26 . 113 . Total Orders . | . . . . . . . . . . Ally Attacks . | . . . . . . . . . . Total Damage . | . . . . . . . . . . Kills . | . . . . . . . . . . Allies Corrupted . | . . . . . . . . . . Allies Melted . | . . . . . . . . . . Intel | -11 -10 -10 -10 -9 -8 -7 -7 -7 -6 ------- Run | Scr Mat Min Exi Min Mat Fac Low Low Fac Robot Analysis Total . | . . . . . . . . . . Derelict Logs Recovered 2 | . . 1 . . . . 1 . . Drone Launches . | . . . . . . . . . . Drone Recoveries . | . . . . . . . . . . Exploration | -11 -10 -10 -10 -9 -8 -7 -7 -7 -6 ------------- Run | Scr Mat Min Exi Min Mat Fac Low Low Fac Turns Passed 7733 | 44 993 604 1140 23 1412 2262 600 655 . Spaces Moved 4524 | 35 520 480 968 18 784 1181 275 263 . Core 3 | 3 . . . . . . . . . Treads 350 | . 289 33 . . . . . 28 . Legs 167 | . . . . . . . . 167 . Wheels 4004 | 32 231 447 968 18 784 1181 275 68 . Hover . | . . . . . . . . . . Flight . | . . . . . . . . . . Fastest Speed 50 | 50 90 100 90 120 130 130 140 165 . Average Speed 130 | 84 131 106 100 120 131 143 146 214 . Slowest Speed 240 | 90 180 200 120 120 140 200 170 240 . Overloaded Moves . | . . . . . . . . . . Propulsion Burnouts . | . . . . . . . . . . Robots Hopped . | . . . . . . . . . . Cave-ins Triggered . | . . . . . . . . . . Exploration Rate (%) 46 | 3 74 95 70 10 55 33 46 35 . Regions Visited 9 Branch Regions 5 Pre-discovered Areas 3 | . . 1 1 . 1 . . . . Known Exits Taken 1 | . . . . . . 1 . . . Unknown Exits Taken 8 | 1 1 1 1 1 1 . 1 1 . Scrap Searched 3 | . . 1 . . . . 2 . . Spaces Dug 16 | . . . . . 4 11 . 1 . Terrain Destroyed 168 | . . . 14 . 40 75 19 20 . Melee 13 | . . . . . 3 9 . 1 . Projectile 67 | . . . 14 . 37 13 2 1 . AOE 88 | . . . . . . 53 17 18 . Terrain Rammed . | . . . . . . . . . . Walls Destroyed . | . . . . . . . . . . Machines Disabled . | . . . . . . . . . . Actions | -11 -10 -10 -10 -9 -8 -7 -7 -7 -6 --------- Run | Scr Mat Min Exi Min Mat Fac Low Low Fac Total 5728 | 49 707 525 1146 19 1039 1494 435 314 . Wait 511 | . 50 1 104 2 104 103 134 13 . Move 4515 | 34 519 479 967 17 783 1180 274 262 . Hop . | . . . . . . . . . . Pick Up 137 | 10 21 4 38 . 36 20 1 7 . Fast Attach 12 | . 1 . 1 . . 10 . . . Attach 45 | 5 4 2 9 . 8 8 5 4 . Detach 4 | . 1 . 2 . 1 . . . . Swap 69 | . 20 13 4 . 11 17 2 2 . Drop 85 | . 8 4 20 . 25 26 . 2 . Fire 332 | . 83 22 1 . 63 121 19 23 . Melee 18 | . . . . . 8 9 . 1 . Ram . | . . . . . . . . . . Kick . | . . . . . . . . . . Crush . | . . . . . . . . . . Escape Stasis . | . . . . . . . . . . Rewire . | . . . . . . . . . . Trap . | . . . . . . . . . . Miscellaneous . | . . . . . . . . . . Route ------- -11/Scrapyard -10/Materials (discovered 3 exits: [*Mat x2] / *Min) -10/Mines (discovered 2 exits: [*Mat] / *Exi) -10/Exiles -9/Mines -8/Materials -7/Factory (discovered 2 exits: *Low x2) -7/Lower Caves -7/Lower Caves -6/Factory History --------- Turn | Location | Event 20 | -11/Scrapyard | Discovered new exit (range 16) 45 | -11/Scrapyard | Entered Materials 312 | -10/Materials | Build established: Mutant 630 | -10/Materials | Discovered new exit (range 12) 694 | -10/Materials | Discovered new exit (range 13) 893 | -10/Materials | Discovered new exit (range 6) 1038 | -10/Materials | Entered Mines 1380 | -10/Mines | Core integrity fell below 50% 1518 | -10/Mines | Met a Derelict who couldn't figure out how to use a Trap Extractor 1531 | -10/Mines | Joined a pair of Derelicts in attacking an 0b10 outpost 1613 | -10/Mines | Learned location of Zion (-7) 1613 | -10/Mines | Discovered new exit (range 5) 1637 | -10/Mines | Deemed a non-threat by the Exiles lab entrance 1638 | -10/Mines | Discovered new exit (range 5) 1642 | -10/Mines | Entered Exiles 1669 | -10/Exiles | Met 8R-AWN 1683 | -10/Exiles | Met EX-HEX 1738 | -10/Exiles | Met EX-DEC 1857 | -10/Exiles | Met EX-BIN 1869 | -10/Exiles | Aligned with FarCom system 1870 | -10/Exiles | Given EX-Vault access code 1898 | -10/Exiles | Opened EX-Vault 1908 | -10/Exiles | Found AWS/Gauss 1910 | -10/Exiles | Found Superbattery 1922 | -10/Exiles | Found Chronowheel 1948 | -10/Exiles | Warned to stay clear of 0b10 Research branches 2108 | -10/Exiles | Discovered new exit (range 14) 2496 | -10/Exiles | Attacked by the Exiles 2608 | -10/Exiles | Core integrity fell below 20% 2619 | -10/Exiles | Destroyed 8R-AWN 2742 | -10/Exiles | Found Prototype Ballistic Gun 2748 | -10/Exiles | Found Prototype Processor 2750 | -10/Exiles | Found Prototype Ballistic Gun 2782 | -10/Exiles | Stole three prototypes: AWS/Gauss, Superbattery, Chronowheel 2782 | -10/Exiles | Entered Mines 2782 | -9/Mines | Discovered new exit (range 16) 2783 | -9/Mines | Assembled infested the area 2788 | -9/Mines | Assisted by a Guerilla fighting off Assembled 2805 | -9/Mines | Entered Materials 2805 | -8/Materials | Evolved 4 slots: Utility x4 2811 | -8/Materials | Identified 8R-AWN's Boregun (x2) 3174 | -8/Materials | Build established: Scavenger-Mutant 3688 | -8/Materials | Central database locked down 3825 | -8/Materials | Discovered new exit (range 13) 4217 | -8/Materials | Entered Factory 4217 | -7/Factory | Accompanied by 3 allies 4217 | -7/Factory | Evolved 2 slots: Utility x2 4274 | -7/Factory | Identified Exp. Targeting Computer 4594 | -7/Factory | Identified exit to Lower Caves 4672 | -7/Factory | Build established: Hacker-Mutant 4816 | -7/Factory | Found Rocket Array 4879 | -7/Factory | Found Rocket Array 5304 | -7/Factory | Repaired Imp. Weapon Shielding 6406 | -7/Factory | Garrison activated, responded to threat 6479 | -7/Factory | Entered Lower Caves 6551 | -7/Lower Caves | Learned Factory stockpile data 6584 | -7/Lower Caves | Attracted the attention of an 0b10 checkpoint 6997 | -7/Lower Caves | Core integrity fell below 50% 7062 | -7/Lower Caves | Discovered new exit (range 10) 7079 | -7/Lower Caves | Entered another Lower Caves area 7246 | -7/Lower Caves | Spotted DR-C1F(f) 7247 | -7/Lower Caves | Encountered a Master Thief 7250 | -7/Lower Caves | Superbattery stolen by Master Thief 7305 | -7/Lower Caves | Build established: Hauler-Mutant 7463 | -7/Lower Caves | Spotted 4T-PBY(f) 7464 | -7/Lower Caves | Encountered a Master Thief 7465 | -7/Lower Caves | AWS/Gauss stolen by Master Thief 7479 | -7/Lower Caves | Spotted BV-YFI(f) 7481 | -7/Lower Caves | Encountered a Master Thief 7486 | -7/Lower Caves | Chronowheel stolen by Master Thief 7578 | -7/Lower Caves | CL-ANK showed up to help 7588 | -7/Lower Caves | CL-ANK revealed a hidden path 7688 | -7/Lower Caves | Spotted 9J-JAW(f) 7689 | -7/Lower Caves | Encountered a Master Thief 7689 | -7/Lower Caves | Spotted 56-DTL(f) 7690 | -7/Lower Caves | Encountered a Master Thief 7690 | -7/Lower Caves | Com. Wheel stolen by Master Thief 7693 | -7/Lower Caves | Adv. Weapon Cycler stolen by Master Thief 7734 | -7/Lower Caves | Entered Factory 7734 | -6/Factory | Evolved 2 slots: Utility x2 7734 | -6/Factory | Self-destructed Last Messages --------------- 07668_ Acquired Nanoactuators. 07672_ S-27 Virus destroyed. 07672_ Chain reaction triggered in Lgt. Nuclear Core. 07672_ S-27 Virus destroyed. 07672_ Destroyed VTOL Module. 07672_ S-27 Virus destroyed. 07672_ Chain reaction triggered in Lgt. Nuclear Core. 07674_ Acquired Biometal Medium Treads. 07676_ Dropped Carbon-fiber Leg. 07681_ Acquired Biometal Medium Treads. 07688_ Autogun fries itself beyond repair. 07688_ Acquired 4 matter. 07690_ Com. Wheel stolen. 07693_ System corrupted: Heat flow error (+285). 07693_ Adv. Weapon Cycler stolen. 07710_ System corrupted: Component data lost. 07718_ Acquired 14 matter. PARAMETERS=UTILITY_2 LOCATION=UNKNOWN GOAL=ESCAPE Map ----- +----------------------------------------------------+ | | | | | | | | | | | | | | | | | ?????????????????????????????????????????????????? | | ?????????????????????????????????????????????????? | | ?????????????????????????????????????????????????? | | ?????????????????????????????????????????????????? | | ?????????????????????????????????????????????????? | | ?????????????????????????????????????????????????? | | ?????????????????????????????????????????????????? | | ?????????????????????????????????????????????????? | | ?????????????????????????????????????????????????? | | ?????????????????????????????????????????????????? | | ?????????????????????????????????????????????????? | | ?????????????????????????????????????????????????? | | ??????????????????????###+############ ??????????? | | ??????????????????????# ?????????? | | ??????????????????????# ?????????? | | ??????????????????????# "????????? | | ??????????????????????+ ????????? | | ??????????????????????# @ ????????? | | ??????????????????????# ######???????????????? | | ??????????????????????# #????????????????????? | | ??????????????????????##### #????????????????????? | | ??????????????????????????? #????????????????????? | | ????????????????????????????#????????????????????? | | ?????????????????????????????????????????????????? | | ?????????????????????????????????????????????????? | | ?????????????????????????????????????????????????? | | ?????????????????????????????????????????????????? | | ?????????????????????????????????????????????????? | | ?????????????????????????????????????????????????? | | ?????????????????????????????????????????????????? | | ?????????????????????????????????????????????????? | | ?????????????????????????????????????????????????? | | ?????????????????????????????????????????????????? | | ?????????????????????????????????????????????????? | | ?????????????????????????????????????????????????? | | ?????????????????????????????????????????????????? | | ?????????????????????????????????????????????????? | | ?????????????????????????????????????????????????? | | ?????????????????????????????????????????????????? | | ?????????????????????????????????????????????????? | | ?????????????????????????????????????????????????? | | ?????????????????????????????????????????????????? | +----------------------------------------------------+ Best States ------------- Heat Dissipation 57 Energy Generation 18 Energy Capacity 310 Matter Stores 500 Matter Capacity 500 Sight Range 16 Robot Scan Range 13 Terrain Scan Density 10 Armor Coverage 300 Resistance: KI 20 Weapon Shielding 66 Evasion (%) 42 Targeting Accuracy 6 Recoil Reduction 2 Offensive Hacking 30 Item Schematics ----------------- None Robot Schematics ------------------ G-47 Trooper | -7/Factory | Hacked Fabricated ------------ Nothing Alien Tech Used ----------------- None Achievements -------------- Maximum Efficiency Challenges ------------ None Game ------ Seed RecoilAssemblyDeconstructor Manual? 0 Play Time 02:18:55 Cumulative 135.8 hours Start 2020.10.22 @ 20:55:10 End 2020.10.24 @ 14:28:43 Sessions 9 Manual Loads 0 Difficulty Rogue Special Mode None Game No. 59 Rogue 55 Adventurer 4 Explorer 0 Win Type - Total 1 Types 1/0/0/0/0/0/0/0/0 Lore% 52 Gallery% 65 Achievement% 50 Wizard Run 0 Options --------- ASCII 1 Keyboard 0 Movement Arrows Keybinds 0 Fullscreen 1 Font 18/SmallcapsGlow Map View 76x50 Tactical HUD 1 Map Filters NONE Filters NONE Steam 1 RUN: 54d9489b-1a9a-43bc-964a-9823f2d3661e